 Dungeon Crawl Stone Soup version 0.22.1-2-g9c5b331383 (webtiles) character file.

176 Cykl0x the Firebug (level 5, -10/28 HPs)
             Began as a Gargoyle Fire Elementalist on Dec 2, 2018.
             Killed by divine providence
             ... invoked by an orc priest
              (19 damage)
             ... on level 3 of the Dungeon.
             The game lasted 00:12:52 (2104 turns).

Cykl0x the Firebug (Gargoyle Fire Elementalist)     Turns: 2104, Time: 00:12:54

Health: -10/28     AC: 10    Str: 12    XL:     5   Next: 56%
Magic:  9/10       EV: 12    Int: 15    God:
Gold:   68         SH:  0    Dex: 11    Spells: 1/10 levels left

rFire    . . .     SeeInvis .   q - +0 club
rCold    . . .     Gourm    .   (no shield)
rNeg     + . .     Faith    .   k - +0 leather armour
rPois    ∞         Spirit   .   p - +0 helmet (curse)
rElec    +         Reflect  .   h - +0 cloak
rCorr    .         Harm     +   g - +0 pair of gloves
MR       .....                  (no boots)
Stlth    ++........             l - amulet of harm
HPRegen  0.09/turn              (no ring)
MPRegen  0.12/turn              (no ring)

@: no status effects
A: negative energy resistance 1, electricity resistance, unbreathing,
petrification resistance, rot immunity, AC +4
a: no special abilities


You were on level 3 of the Dungeon.
You were not hungry.

You visited 1 branch of the dungeon, and saw 3 of its levels.

You collected 68 gold pieces.

Inventory:

Hand Weapons
 d - a +0 spear
 q - a +0 club (weapon)
Missiles
 e - 8 javelins (quivered)
Armour
 a - a +0 robe
 g - a +0 pair of gloves (worn)
 h - a +0 cloak (worn)
 k - a +0 leather armour (worn)
 p - a cursed +0 helmet (worn)
Jewellery
 l - an amulet of harm (around neck)
Scrolls
 f - a scroll of fog
 r - a scroll of identify
Potions
 b - a potion of haste
 j - a potion of ambrosia
 m - 2 potions of flight
 n - 3 potions of brilliance
 o - a potion of cancellation
Comestibles
 c - 4 rations


   Skills:
 + Level 0.4 Fighting
 + Level 1.0 Polearms
 + Level 0.2 Throwing
 + Level 0.7 Armour
 + Level 2.0 Dodging
 + Level 2.3 Stealth
 + Level 3.3 Spellcasting
 + Level 2.0 Conjurations
 + Level 4.0 Fire Magic


You had one spell level left.
You knew the following spells:

 Your Spells              Type           Power        Failure   Level  Hunger
a - Flame Tongue          Conj/Fire      ##...        7%          1    None
b - Throw Flame           Conj/Fire      ##....       11%         2    ##.....
c - Inner Flame           Hex/Fire       #.......     32%         3    ###....
d - Conjure Flame         Conj/Fire      ##......     22%         3    ###....

Your spell library contained the following spells:

 Spells                   Type           Power        Failure   Level  Hunger
 Sticky Flame             Conj/Fire      ##......     56%         4    ####...
 Fireball                 Conj/Fire      ##........   89%         5    ######.


Dungeon Overview and Level Annotations

Branches:
Dungeon (3/15)

Altars:


Innate Abilities, Weirdness & Mutations

You are resistant to torment.
Your stone body is resilient. (AC +4)
You are immune to poison.
You resist negative energy. (rN+)
You are resistant to electric shocks. (rElec)
You can survive without breathing.
You are immune to petrification.
You are immune to rotting.


Message History

The orc priest hits you but does no damage.
The hobgoblin closely misses you. The orc misses you.
All of the chunks of flesh in your inventory have rotted away.
The orc priest looks braver for a moment.
The orc barely misses you.
The orc priest casts a cantrip, but nothing happens.
You hit the hobgoblin.
The hobgoblin is moderately wounded.
The hobgoblin closely misses you. The orc hits you but does no damage.
You hit the hobgoblin.
You kill the hobgoblin!
The orc hits you but does no damage.
The giant cockroach bites you but does no damage.
You hit the giant cockroach but do no damage.
The orc hits you.
The giant cockroach bites you but does no damage.
The orc priest mumbles some strange prayers to Beogh against you.
Beogh smites you!
Ouch! That really hurt!
You die...

#........#
####........#
#..)........#
##.......#.## .
######..#.# ..
######### ###....#.#
#.#.......# #...##.#.#
##.........###...#....#
..........os@.......###
#.....)...o#.###.#.#
###.......##... .#.#
#.?.........####.#
#........###..
....(......# #.#
........###... .#
..####... ##...# ##
#.#. .)


You could see an orc priest, an orc and a giant cockroach.

Vanquished Creatures
  A scorpion (D:2)
  An orc wizard (D:3)
  Robin (D:2)
  2 adders (D:2)
  2 oozes (D:2)
  A worm (D:2)
  4 orcs (D:3)
  2 giant cockroaches
  12 goblins
  9 hobgoblins
  3 jackals (D:2)
  A ball python (D:2)
  4 bats
  3 frilled lizards
  7 kobolds
  3 rats
56 creatures vanquished.

Notes
Turn   | Place    | Note
-------+----------+-------------------------------------------
     0 | D:1      | Cykl0x the Gargoyle Fire Elementalist began the quest for
                  | the Orb.
     0 | D:1      | Reached XP level 1. HP: 10/10 MP: 3/3
   174 | D:1      | Reached XP level 2. HP: 15/15 MP: 3/5
   370 | D:1      | Learned a level 2 spell: Throw Flame
   953 | D:2      | Reached XP level 3. HP: 19/19 MP: 0/6
  1037 | D:2      | Learned a level 3 spell: Inner Flame
  1463 | D:2      | Reached XP level 4. HP: 24/24 MP: 2/8
  1630 | D:2      | Noticed Robin
  1632 | D:2      | Reached XP level 5. HP: 28/28 MP: 1/9
  1658 | D:2      | Killed Robin
  1851 | D:3      | Reached skill level 4 in Fire Magic
  1878 | D:3      | HP: 1/28 [something (2)]
  1897 | D:3      | Reached skill level 1 in Polearms
  2045 | D:3      | Learned a level 3 spell: Conjure Flame
  2104 | D:3      | Killed from afar by an orc priest

Skill      XL: |  1  2  3  4  5 |
---------------+----------------+-----
Spellcasting   | 3 |  3.3
Fire Magic     | 4 |  4.0
Conjurations   | 2 |  2.0
Dodging        | 2 |  2.0
Polearms       | 1 |  1.0
Fighting       | |  0.4
Throwing       | |  0.2
Armour         | |  0.7
Stealth        | |  2.3

Action                   |  1- 3 |  4- 6 || total
-------------------------+-------+-------++-------
Melee: Spear             |    64 |    31 ||    95
       Club              |       |    53 ||    53
Throw: Javelin           |       |     6 ||     6
 Cast: Flame Tongue      |    21 |    13 ||    34
       Throw Flame       |    11 |    10 ||    21
       Inner Flame       |       |     2 ||     2
  Use: Scroll            |     6 |     1 ||     7
       Potion            |       |     3 ||     3
 Stab: Sleeping          |     1 |       ||     1
  Eat: Chunk             |     3 |     3 ||     6
Armor: Robe              |    11 |       ||    11
       Leather armour    |    19 |    71 ||    90
Dodge: Dodged            |    49 |    82 ||   131
